 Dungeon Crawl Stone Soup version 0.28.0-43-g3370ac3207 (webtiles) character file.

Game seed: 4914451587398588821

81 Gatito the Covered (level 4, -36/40 HPs)
             Began as a Hill Orc Fighter on Mar 27, 2022.
             Killed by an exploding ball python (39 damage)
             ... ignited by their inner flame
             ... on level 1 of the Dungeon.
             The game lasted 00:10:02 (2204 turns).

Gatito the Covered (Hill Orc Fighter)               Turns: 2204, Time: 00:10:03

Health: -36/40     AC:  7    Str: 20    XL:     4   Next: 42%
Magic:  4/4        EV:  9    Int:  8    God:
Gold:   65         SH:  4    Dex: 10    Spells: 3/3 levels left

rFire   . . .      SeeInvis .   a - +0 war axe
rCold   . . .      Faith    .   c - +0 buckler
rNeg    . . .      Spirit   .   b - +0 scale mail
rPois   .          Reflect  .   (no helmet)
rElec   .          Harm     .   (no cloak)
rCorr   .          Rampage  .   (no gloves)
Will    .....                   (no boots)
Stlth   ..........              (no amulet)
HPRegen 0.13/turn               (no ring)
MPRegen 0.09/turn               (no ring)

@: mighty
A: no striking features
a: no special abilities


You were on level 1 of the Dungeon.
You visited 1 branch of the dungeon, and saw 2 of its levels.

You collected 65 gold pieces.

Inventory:

Hand Weapons
 a - a +0 war axe (weapon)
Armour
 b - a +0 scale mail (worn)
 c - a +0 buckler (worn)
Scrolls
 f - 4 scrolls of identify
 i - a scroll of noise {unknown}
Potions
 d - a potion of might
 e - 2 potions of curing {unknown}
 g - a potion of haste {unknown}


   Skills:
 + Level 4.1 Fighting
 + Level 4.0 Axes
 + Level 4.2 Armour
 + Level 0.2 Dodging
 + Level 3.6 Shields


You had 3 spell levels left.
You didn't know any spells.
Your spell library was empty.

Dungeon Overview and Level Annotations

Branches:
Dungeon (2/15)

Altars:

Annotations:
D:2 Robin, Sigmund


Message History

The goblin no longer looks unusually strong.
The goblin closely misses you.
You closely miss the goblin.
The goblin is severely wounded.
The goblin hits you but does no damage.
You closely miss the goblin.
The goblin is severely wounded.
The goblin hits you but does no damage. x2
You slash the goblin!
You kill the goblin!
The ball python bites you.
* * * LOW HITPOINT WARNING * * *
You block the ball python's attack.
As you read the scroll labelled ADEGYA KIYWIE, it crumbles to dust.
It is a scroll of identify.
h - a scroll of immolation The ball python closely misses you.
The ball python grabs you. The ball python constricts you.
* * * LOW HITPOINT WARNING * * *
Really read the scroll of immolation?
Uppercase [Y]es or [N]o only, please.
Really read the scroll of immolation?
As you read the scroll of immolation, it crumbles to dust.
The creatures around you are filled with an inner flame!
The ball python bites you but does no damage.
The ball python constricts you.
* * * LOW HITPOINT WARNING * * *
You barely miss the ball python. The ball python closely misses you.
The ball python constricts you.
The ball python bites you but does no damage.
The ball python constricts you.
You barely miss the ball python.
The ball python bites you but does no damage.
The ball python constricts you.
* * * LOW HITPOINT WARNING * * *
You slash the ball python!
The ball python explodes!
The fiery explosion engulfs you!!!
Ouch! That really hurt!
You die...

#.# #... #.#
##.# #.# #.#
#)# #.# #.#
#.# #.# #..
###########.#
##.
#†).......†.#
#.
#@###########
#. #§# #. #.#
#. #.# ####.
#.# #.... #.#
#####.... #.#
#........ #.#
#........ #.#
#........


There were no monsters in sight!

Vanquished Creatures
  2 gnolls (D:1)
  An adder (D:2)
  A worm (D:1)
  2 dart slugs (D:1)
  3 endoplasms (D:1)
  2 giant cockroaches (D:1)
  13 goblins (D:1)
  3 hobgoblins (D:1)
  2 kobolds (D:1)
  2 quokkas (D:1)
  6 ball pythons (D:1)
  2 bats (D:1)
  4 frilled lizards (D:1)
  2 rats (D:1)
45 creatures vanquished.

Vanquished Creatures (others)
  13 withered plants (D:1)
13 creatures vanquished.

Grand Total: 58 creatures vanquished

Notes
Turn   | Place    | Note
-------+----------+-------------------------------------------
     0 | D:1      | Gatito the Hill Orc Fighter began the quest for the Orb.
     0 | D:1      | Reached XP level 1. HP: 19/19 MP: 1/1
   408 | D:1      | Found a faded altar of an unknown god.
   436 | D:1      | Reached XP level 2. HP: 27/27 MP: 2/2
   701 | D:1      | Reached XP level 3. HP: 33/33 MP: 3/3
  1605 | D:1      | Reached XP level 4. HP: 18/40 MP: 4/4
  2022 | D:2      | Noticed Robin
  2023 | D:2      | Noticed Sigmund
  2204 | D:1      | Killed by an exploding ball python... ignited by their
                  | inner flame

Illustrated notes

Levels and vault maps discovered:
D:1:      erik_arrival_triangle_medium, layout_loops_ring,
          shapermc_ecumenical_altar_flowoftime
D:2:      layout_rooms, uniq_sigmund, uniq_robin, uniq_natasha

Skill      XL: |  1  2  3  4 |
---------------+-------------+-----
Axes           | 3 4 |  4.0
Fighting       | 4 |  4.1
Armour         | 4 |  4.2
Dodging        | |  0.2
Shields        | |  3.6

Action                   |  1- 3 |  4- 6 || total
-------------------------+-------+-------++-------
Melee: War axe           |   118 |    34 ||   152
  Use: Scroll            |       |     2 ||     2
       Potion            |       |     1 ||     1
Armor: Scale mail        |    52 |    27 ||    79
Dodge: Dodged            |    53 |    17 ||    70
Block: Buckler           |    22 |    13 ||    35
